cohdb
Replays
Latest Replays
All Replays
Popular Replays
Top Player Replays
Match Explorer
How It Works
Community
CoH3 Stats
Reddit
Sign in to upload your games and track your stats! →
Sign in with Steam
Match 42636123
Unlisted
Match 42636123
Overview
Messages
Build Orders
End
Panzergrenadier Squad
Selects Italian Combined Arms Battlegroup
Selects Bersaglieri Squad
Selects Bersaglieri Squad
Bersaglieri Squad
Bersaglieri Squad
Construct Light Support Kompanie
2.5-tonne Medical Truck
MG34 Team
Selects Bersaglieri Bolster
Assault Mechanized Group
Fire Support Elements
Selects Breda Model 30 Light Machine Guns
Selects Semovente da 75/18 Assault Gun
Bersaglieri Squad
Selects Strafing Run
Strafing Run
Pak 38 Anti-tank Gun Team
AI Takeover
Brothers in Trenches
daridarar8
TheBl4ckSwaN
ßoo
Tactical Nuclear Cow
Minimizen
0
0
Comments
sign in to comment!
No comments posted yet!